 Dungeon Crawl Stone Soup version 0.29-a0-824-gd827844252 (webtiles) character file.

Game seed: 9406422370715923317

8446 Mesmaeker13 the Thaumaturge (level 11, -1/82 HPs)
             Began as a Djinni Fire Elementalist on July 10, 2022.
             Killed from afar by Lodul (36 damage)
             ... with a bolt of lightning
             ... on level 10 of the Dungeon.
             The game lasted 00:19:55 (13337 turns).

Mesmaeker13 the Thaumaturge (DjFE)                 Turns: 13337, Time: 00:19:56

Health: -1/82      AC: 16    Str:  7    XL:     11   Next: 56%
Gold:   259        EV: 13    Int: 23    God:
                   SH:  5    Dex: 15

rFire   + + +      SeeInvis .   q - +7 hammer of Muimoe {vorpal, rC+}
rCold   . . .      Faith    .   (no shield)
rNeg    + . .      Spirit   .   v - +4 ring mail {rN+}
rPois   ∞          Reflect  +   (no helmet)
rElec   .          Harm     .   o - scarf {shadows}
rCorr   .          Rampage  .   L - +5 pair of gloves of Misanthropy {Int+3}
Will    +....                   (boots unavailable)
Stlth   +.........              c - amulet of reflection
HPRegen 0.23/turn               z - ring of protection from fire
MPRegen 0.00/turn               (no ring)

@: flying
A: sickness immunity, fire resistance 2, cold vulnerability 1, float, innate
caster, HP casting, extra vitality 1
a: no special abilities


You were on level 10 of the Dungeon.
You visited 1 branch of the dungeon, and saw 10 of its levels.

You collected 623 gold pieces.
You spent 364 gold pieces at shops.

Inventory:

Hand Weapons
 q - the +7 hammer of Muimoe (weapon) {vorpal, rC+}
   (You found it on level 3 of the Dungeon)

   It inflicts extra damage upon your enemies.
   rC:        It protects you from cold.
 y - a +1 morningstar of flaming
 M - a +0 executioner's axe
Missiles
 A - 15 poisoned darts (quivered)
Armour
 o - a scarf of shadows (worn)
 s - a +1 pair of gloves
 v - a +4 ring mail of positive energy (worn)
 K - +0 steam dragon scales
 L - the +5 pair of gloves of Misanthropy (worn) {Int+3}
   (You acquired it on level 9 of the Dungeon)

   Int:       It affects your intelligence (+3).
Magical Staves
 C - a staff of fire
Jewellery
 c - an amulet of reflection (around neck)
 z - a ring of protection from fire (left hand)
 H - a ring of fire
Wands
 a - a wand of mindburst (4)
 g - a wand of flame (4)
 i - a wand of quicksilver (5)
 w - a wand of charming (2)
 F - a wand of polymorph (4)
 G - a wand of digging (1)
Scrolls
 b - 3 scrolls of enchant weapon {unknown}
 d - 5 scrolls of noise
 e - a scroll of immolation {unknown}
 l - 2 scrolls of magic mapping
 n - a scroll of enchant armour
 u - 4 scrolls of fog
 x - a scroll of vulnerability
 D - 3 scrolls of blinking {unknown}
 I - a scroll of poison {unknown}
 J - a scroll of amnesia {unknown}
Potions
 f - 3 potions of curing
 h - a potion of heal wounds
 j - 4 potions of lignification
 k - 6 potions of attraction
 m - 3 potions of haste
 p - a potion of mutation
 r - 2 potions of flight {unknown}
 t - a potion of magic {unknown}
 B - 2 potions of brilliance {unknown}
 E - a potion of resistance {unknown}


   Skills:
 + Level 8.3 Fighting
 + Level 4.2 Armour
 - Level 8.5 Dodging
 - Level 1.5 Stealth
 * Level 9.9 Spellcasting


You had 2 spell levels left.
You knew the following spells:

 Your Spells              Type           Power      Damage    Failure   Level
a - Foxfire               Conj/Fire      100%       2x1d9     1%          1
b - Scorch                Fire           100%       2d10      1%          2
c - Conjure Flame         Conj/Fire      55%        6-21      1%          3
d - Inner Flame           Hex/Fire       55%        N/A       1%          3
e - Flame Wave            Conj/Fire      55%        2d11      3%          4
f - Necrotise             Necr           100%       1d9       1%          1
g - Passwall              Tmut/Erth      45%        N/A       1%          2
h - Tukima's Dance        Hex            55%        N/A       1%          3
i - Sticky Flame          Conj/Fire      55%        2d7       3%          4
j - Hailstorm             Conj/Ice       55%        3d12      3%          4
Your spell library was empty.

Dungeon Overview and Level Annotations

Branches:
Dungeon (10/15)              Lair (0/6) D:9             Orc (0/2) D:10
 Temple: D:4-7

Altars:
Elyvilon
Fedhas
Okawaru
The Shining One

Shops:
D:1 *   D:7 =?(!   D:8 *

Annotations:
D:3 1 runed translucent door, Crazy Yiuf
D:10 Lodul


Innate Abilities, Weirdness & Mutations

You are immune to sickness and miasma.
You are immune to poison.
Your flesh is very heat resistant. (rF++)
You are vulnerable to cold. (rC-)
You float through the air rather than walking.
You learn spells naturally, not from books.
Your magical power is your life essence.
You have superior vitality. (+4 MHP)


Message History

The yak is moderately wounded.
The yak's fire resistance burns away.
The yak closely misses you. You block the yak's attack.
Unknown command.
Casting: Scorch (safe; 1% risk of failure)
Confirm with . or Enter, or press ? or * to list all spells.
Flames lash the yak.
The yak is burned terribly!
The yak is almost dead.
The yak gores you but does no damage. x2
Unknown command.
Casting: Scorch (safe; 1% risk of failure)
Confirm with . or Enter, or press ? or * to list all spells.
Flames lash the yak.
The yak is almost dead.
The yak gores you. You block the yak's attack.
Unknown command.
Casting: Scorch (safe; 1% risk of failure)
Confirm with . or Enter, or press ? or * to list all spells.
Flames lash the yak.
The yak is burned terribly!
The yak is almost dead.
The ogre is no longer more vulnerable to fire.
Lodul the Thundrous comes into view.
He is wielding a +0 dire flail and carrying a wand of charming (4).
The yak barely misses you. You block the yak's attack.
Casting: Scorch (safe; 1% risk of failure)
Confirm with . or Enter, or press ? or * to list all spells.
Flames lash the yak.
The yak is burned terribly!
You kill the yak!
The yak gores you!
Unknown command.
The yak gores you.
Press: ? - help, v - describe, . - travel
Here: Lodul, wielding a +0 dire flail and carrying a wand of charming (4)
The floor.
The yak attacks as you move away! The yak barely misses you.
The yak attacks as you move away! The yak barely misses you.
The yak is no longer more vulnerable to fire.
You see here a howler monkey corpse.
Electricity crackles from Lodul's apparatus.
The bolt of lightning hits you!!!
You die...

#....#....Y.....# #.............
######O.........###.........[...
#.###.####.................
#...#.# *####.............
###.#.########...).########
#.#.......##.........#
#.#######.##.........#
#.O.#####....###.....#
###.OOY†@....# #.....#
#######....# #.....# #....#
#.....# #....# #.....# #....#
####### #....# ######


You could see Lodul, a yak and 2 ogres.

Vanquished Creatures
  2 two-headed ogres
  2 steam dragons
  A wyvern (D:9)
  A shadow (D:7)
  15 yaks
  2 acid dragons
  Duvessa (D:4)
  A water moccasin (D:9)
  4 orc warriors
  5 black bears
  3 ice beasts
  6 ogres
  5 centaurs
  A phantom (D:7)
  A kobold brigand (D:7)
  3 bullfrogs
  8 wights
  Dowan (D:4)
  4 killer bees (D:9)
  2 howler monkeys
  5 jellies
  4 orc priests
  4 hounds
  3 iguanas
  5 orc wizards
  8 adders
  6 gnolls
  A shadow imp (D:8)
  A white imp (D:6)
  An ufetubus (D:7)
  A worm (D:3)
  3 dart slugs
  34 orcs
  5 bats
  10 endoplasms
  2 giant cockroaches
  16 goblins
  5 hobgoblins
  3 jackals (D:2)
  5 quokkas
  7 ball pythons
  A frilled lizard (D:3)
  9 kobolds
  6 rats
213 creatures vanquished.

Vanquished Creatures (collateral kills)
  An orc warrior (D:10)
  4 orc priests (D:10)
  An orc wizard (D:10)
  An adder (D:5)
  10 orcs
  A goblin (D:6)
18 creatures vanquished.

Vanquished Creatures (others)
  An orc (D:5)
  A goblin (D:6)
  434 foxfires
436 creatures vanquished.

Grand Total: 667 creatures vanquished

Notes
Turn   | Place    | Note
-------+----------+-------------------------------------------
     0 | D:1      | Mesmaeker13 the Djinni Fire Elementalist began the quest
                  | for the Orb.
     0 | D:1      | Mesmaeker13 set off with the following spells memorised:
                  | Foxfire, Scorch, Conjure Flame, Inner Flame, Flame Wave.
     0 | D:1      | Reached XP level 1. HP: 15/15 MP: 0/0
   125 | D:1      | Reached XP level 2. HP: 18/21 MP: 0/0
   344 | D:1      | Found a faded altar of an unknown god.
   727 | D:1      | Reached XP level 3. HP: 24/25 MP: 0/0
   727 | D:1      | Learned a level 1 spell: Necrotise
   791 | D:1      | Reached skill level 3 in Spellcasting
  1188 | D:1      | Found Cainy's General Store.
  1655 | D:2      | Reached XP level 4. HP: 30/31 MP: 0/0
  2331 | D:3      | Found a runed translucent door.
  2332 | D:3      | Noticed Crazy Yiuf
  2334 | D:3      | Identified the +7 hammer of Muimoe {vorpal, rC+}
  2910 | D:3      | Reached XP level 5. HP: 32/35 MP: 0/0
  2910 | D:3      | Learned a level 2 spell: Passwall
  3455 | D:4      | Noticed an ice beast
  3476 | D:4      | Killed an ice beast
  3477 | D:4      | Reached skill level 1 in Fighting
  3477 | D:4      | Reached skill level 4 in Spellcasting
  3477 | D:4      | Reached XP level 6. HP: 35/42 MP: 0/0
  3553 | D:4      | Noticed Duvessa
  3553 | D:4      | Noticed Dowan
  3827 | D:4      | Killed Duvessa
  3836 | D:4      | Killed Dowan
  4108 | D:4      | Found an iron altar of Okawaru.
  4119 | D:4      | Noticed an ogre
  4140 | D:4      | Killed an ogre
  4141 | D:4      | Reached XP level 7. HP: 41/49 MP: 0/0
  4141 | D:4      | Learned a level 3 spell: Tukima's Dance
  4624 | D:4      | Reached skill level 5 in Spellcasting
  4770 | D:4      | Reached skill level 5 in Dodging
  4770 | D:4      | Reached XP level 8. HP: 50/56 MP: 0/0
  5248 | D:5      | Entered Level 5 of the Dungeon
  5248 | D:5      | Noticed a troll
  6258 | D:7      | Found Toist's Antique Weapon Shop.
  6384 | D:7      | Reached skill level 6 in Spellcasting
  6524 | D:7      | Noticed a shadow
  6530 | D:7      | Killed a shadow
  6531 | D:7      | Reached XP level 9. HP: 27/63 MP: 0/0
  6531 | D:7      | Learned a level 4 spell: Sticky Flame
  6811 | D:7      | Found Senolat's Distillery.
  7231 | D:6      | Reached skill level 5 in Fighting
  7466 | D:6      | Found a glowing golden altar of the Shining One.
  7587 | D:6      | Reached skill level 7 in Spellcasting
  8716 | D:7      | Reached XP level 10. HP: 61/72 MP: 0/0
  8900 | D:7      | Found Ywnot's Jewellery Shop.
  8984 | D:7      | Found Plog's Magic Scroll Shop.
  9326 | D:8      | Reached skill level 8 in Spellcasting
  9623 | D:8      | Noticed a two-headed ogre
  9640 | D:8      | Killed a two-headed ogre
  9792 | D:8      | Found Ikkif's General Store.
  9799 | D:8      | Bought a +4 ring mail of positive energy for 364 gold
                  | pieces
 10197 | D:9      | Found a staircase to the Lair.
 10251 | D:9      | Noticed a two-headed ogre
 10258 | D:9      | Killed a two-headed ogre
 10259 | D:9      | Reached skill level 1 in Armour
 10359 | D:9      | Reached skill level 9 in Spellcasting
 10610 | D:9      | Reached XP level 11. HP: 66/79 MP: 0/0
 10610 | D:9      | Learned a level 4 spell: Hailstorm
 10856 | D:9      | Found a blossoming altar of Fedhas.
 11078 | D:9      | Found a white marble altar of Elyvilon.
 11317 | D:9      | Identified a scroll of acquirement
 11319 | D:9      | Acquired the +5 pair of gloves of Misanthropy {Int+3}
 11336 | D:10     | Entered Level 10 of the Dungeon
 12580 | D:10     | Found a staircase to the Orcish Mines.
 13325 | D:10     | Noticed Lodul
 13337 | D:10     | Killed from afar by Lodul

Illustrated notes

Levels and vault maps discovered:
D:1:      tarquinn_simple_flora_water_a, layout_basic,
          hellmonk_ecumenical_altar_arch_garden, serial_shops, shop,
          minmay_tetromino_s2
D:2:      layout_rooms
D:3:      layout_basic, amcnicky_mini_rare_corridor_liquid,
          kennysheep_generic_room_7, uniq_crazy_yiuf_cottage
D:4:      layout_basic, mainiacjoe_overflow_brackets, uniq_duvessa
D:5:      layout_basic, nicolae_uskayaw_dance_hall,
          minmay_temple_entry_glassed_door
D:6:      minmay_inner_zag, layout_rooms, tso_altar, serial_bayou_pond_e,
          minmay_ogre_servants
D:7:      layout_gridville, serial_shops,
          nicolae_shop_temple_entry_statues_fountains,
          nicolae_shop_advertising_works [nicolae_subvault_shop_adworks],
          shop_fountains, shop
D:8:      layout_loops_ring, serial_shops, nicolae_shop_hallway_stairs
D:9:      layout_loops_ring, elyvilon_altar_4, mainiacjoe_overflow_catwalk,
          dpeg_oklobed_lair, supply_closet_lemuel
D:10:     layout_basic, hiddenorc2_lemuel, serial_shops, nicolae_lakefront_shop,
          uniq_lodul

Skill      XL: |  1  2  3  4  5  6  7  8  9 10 11 |
---------------+----------------------------------+-----
Spellcasting   | 3 4 5 6 7 9 |  9.9
Dodging        | 3 4 5 6 7 8 |  8.5
Fighting       | 1 2 3 4 5 7 8 |  8.3
Armour         | 2 4 |  4.2
Stealth        | |  1.5

Action                   |  1- 3 |  4- 6 |  7- 9 | 10-12 || total
-------------------------+-------+-------+-------+-------++-------
Melee: Mace              |       |       |     7 |     2 ||     9
Throw: Throwing net      |       |       |       |     1 ||     1
 Cast: Foxfire           |    46 |    66 |   111 |    51 ||   274
       Scorch            |     3 |    13 |    77 |   146 ||   239
       Conjure Flame     |       |     1 |    11 |    12 ||    24
       Flame Wave        |       |       |     3 |       ||     3
       Inner Flame       |       |       |       |     4 ||     4
Evoke: Wand              |       |       |     5 |     3 ||     8
  Use: Scroll            |       |     5 |     5 |     9 ||    19
       Potion            |       |     1 |       |     3 ||     4
Armor: Robe              |     1 |     5 |    10 |       ||    16
       Ring mail         |       |       |       |    31 ||    31
Dodge: Dodged            |     8 |    14 |    71 |    68 ||   161
Block: Other             |     3 |     6 |    26 |    35 ||    70
       Reflection        |       |       |     1 |     3 ||     4

Table legend: (Time is in decaauts)
 A = Elapsed time spent in this place.
 B = Non-inter-level travel time spent in this place.
 C = Inter-level travel time spent in this place.
 D = Time resting spent in this place.
 E = Time spent auto-exploring this place.
 F = Levels seen in this place.
 G = Mean time per level.
                   A        B        C        D        E       F      G
               +--------+--------+--------+--------+--------+-----+--------+
         Total |  13323 |  12832 |    491 |   3252 |   7385 |  10 | 1332.3 |
       Dungeon |  13323 |  12832 |    491 |   3252 |   7385 |  10 | 1332.3 |
               +--------+--------+--------+--------+--------+-----+--------+

Top non-repeatable levels by time:
     D:9: 1972 daAuts
     D:4: 1826 daAuts
     D:6: 1589 daAuts
     D:3: 1412 daAuts
     D:7: 1357 daAuts
     D:1: 1217 daAuts
    D:10: 1177 daAuts
     D:8: 1068 daAuts
     D:5: 885 daAuts
     D:2: 814 daAuts
